 Dungeon Crawl Stone Soup version 0.24.1 (webtiles) character file.

Game seed: 11125036636996174330, levelgen mode: deterministic

1531 Kahsius the Cleaver (level 8, -6/75 HPs)
             Began as a Minotaur Berserker on Mar 24, 2020.
             Was an Elder of Trog.
             Mangled by an orc warrior
             ... wielding a +0 halberd
              (14 damage)
             ... on level 7 of the Dungeon.
             The game lasted 00:23:12 (4989 turns).

Kahsius the Cleaver (Minotaur Berserker)            Turns: 4989, Time: 00:23:12

Health: -6/75      AC:  9    Str: 22    XL:     8   Next: 55%
Magic:  0/7        EV:  8    Int:  4    God:    Trog [****..]
Gold:   372        SH:  0    Dex: 12    Spells: 7/7 levels left

rFire    . . .     SeeInvis .   t - -3 war axe
rCold    . . .     Gourm    .   (no shield)
rNeg     . . .     Faith    .   y - +0 chain mail
rPois    +         Spirit   +   (helmet restricted)
rElec    .         Reflect  .   j - +0 cloak
rCorr    .         Harm     .   (no gloves)
MR       ++...                  (no boots)
Stlth    ..........             B - amulet of guardian spirit
HPRegen  1.22/turn              p - ring of poison resistance
MPRegen  0.10/turn              (no ring)

@: regenerating
A: retaliatory headbutt, horns 2
a: Berserk, Trog's Hand, Brothers in Arms, Renounce Religion


You were on level 7 of the Dungeon.
You worshipped Trog.
Trog was greatly pleased with you.
You were very hungry.

You visited 1 branch of the dungeon, and saw 7 of its levels.

You collected 372 gold pieces.

Inventory:

Hand Weapons
 t - a -3 war axe (weapon)
Armour
 b - a +0 ring mail
 j - a +0 cloak (worn)
 s - a +2 scale mail of poison resistance
 y - a +0 chain mail (worn)
Jewellery
 p - a ring of poison resistance (left hand)
 B - an amulet of guardian spirit (around neck)
 C - an uncursed amulet of the acrobat
Wands
 a - a wand of random effects (9)
 u - a wand of paralysis (6)
 v - a wand of iceblast (7)
 w - a wand of flame (22)
Scrolls
 f - 3 scrolls of teleportation
 g - a scroll of magic mapping {unknown}
 l - a scroll of remove curse
 m - 2 scrolls of fog {unknown}
 n - 2 scrolls of enchant weapon {unknown}
 r - a scroll of blinking {unknown}
 x - a scroll of acquirement {unknown}
Potions
 i - 2 potions of agility
 k - a potion of magic {unknown}
 o - 2 potions of haste
 z - a potion of flight {unknown}
 A - 2 potions of might
 D - 2 potions of mutation {unknown}
Comestibles
 c - 11 rations


   Skills:
 + Level 8.3 Fighting
 + Level 10.8 Axes
 - Level 2.4 Armour
 - Level 2.1 Dodging
 - Level 1.0 Stealth


You had 7 spell levels left.
You didn't know any spells.
Your spell library was empty.

Dungeon Overview and Level Annotations

Branches:
Dungeon (7/15)
 Temple: D:4-7

Altars:
Dithmenos
Nemelex Xobeh
Wu Jian
Xom
Yredelemnul
Zin
The Shining One


Innate Abilities, Weirdness & Mutations

You reflexively headbutt those who attack you in melee.
You have a pair of horns on your head.


Message History

The orc warrior hits you with a +0 halberd.
* * * LOW HITPOINT WARNING * * *
You feel better.
The orc warrior hits you with a +0 halberd.
* * * LOW HITPOINT WARNING * * *
Your skin crawls.
You feel resistant to hostile enchantments.
You feel quite a bit more hungry.
The orc warrior hits you with a +0 halberd!
* * * LOW HITPOINT WARNING * * *
You are feeling very hungry.
You closely miss the orc warrior. Your headbutt misses the orc warrior.
The orc warrior is severely wounded.
You hit the orc wizard.
The orc wizard hits you but does no damage.
You hit the orc warrior. Your headbutt misses the orc warrior.
The orc warrior is severely wounded.
You hit the orc wizard but do no damage.
The orc warrior hits you with a +0 halberd!
You die...

.....o... ..:.....#
#.<# #.##
######.###
#.........#
#.........# .
#........o#####....
#........o@........
#.........######...
#...[.!..!#
###########


You could see an orc warrior and an orc wizard.

Vanquished Creatures
  Grinder (D:6)
  An ice beast (D:5)
  3 ogres
  2 phantoms
  2 centaurs
  A bullfrog (D:7)
  3 wights (D:6)
  A howler monkey (D:6)
  2 crimson imps
  3 hounds
  An orc priest (D:6)
  An iguana (D:5)
  2 orc wizards (D:6)
  2 hound skeletons
  3 adders
  An ooze (D:6)
  An adder skeleton (D:4)
  4 worms
  A dart slug (D:2)
  2 leopard geckos (D:2)
  22 orcs
  2 ball pythons
  5 bats
  4 giant cockroaches
  5 goblins
  4 hobgoblins
  4 jackals (D:3)
  5 kobolds
  3 quokkas
  4 frilled lizards
  A jackal skeleton (D:6)
  12 rats
108 creatures vanquished.

Notes
Turn   | Place    | Note
-------+----------+-------------------------------------------
     0 | D:1      | Kahsius the Minotaur Berserker began the quest for the Orb.
     0 | D:1      | Reached XP level 1. HP: 19/19 MP: 0/0
   142 | D:1      | Reached skill level 4 in Axes
   142 | D:1      | Reached XP level 2. HP: 25/27 MP: 1/1
   955 | D:2      | Reached ** piety under Trog
   955 | D:2      | Reached XP level 3. HP: 33/34 MP: 2/2
  1278 | D:2      | Found a sparkling altar of Nemelex Xobeh.
  1344 | D:2      | Noticed a centaur
  1353 | D:2      | Killed a centaur
  1353 | D:2      | Reached skill level 5 in Fighting
  1353 | D:2      | Reached skill level 5 in Axes
  1353 | D:2      | Reached XP level 4. HP: 3/42 MP: 3/3
  1761 | D:3      | Reached XP level 5. HP: 48/48 MP: 4/4
  1813 | D:3      | Found a glowing golden altar of the Shining One.
  2013 | D:3      | Reached skill level 6 in Axes
  2159 | D:3      | Reached *** piety under Trog
  2398 | D:4      | Found a shimmering altar of Xom.
  2398 | D:4      | Found a glowing silver altar of Zin.
  2398 | D:4      | Noticed an ogre
  2408 | D:4      | Killed an ogre
  2408 | D:4      | Reached XP level 6. HP: 31/57 MP: 5/5
  2580 | D:4      | Found a shadowy altar of Dithmenos.
  2581 | D:4      | Found a basalt altar of Yredelemnul.
  2902 | D:4      | Reached skill level 7 in Axes
  2902 | D:4      | Reached skill level 1 in Stealth
  3101 | D:5      | Entered Level 5 of the Dungeon
  3103 | D:5      | Noticed an ice beast
  3112 | D:5      | Killed an ice beast
  3112 | D:5      | Reached XP level 7. HP: 64/64 MP: 6/6
  3204 | D:4      | Reached skill level 8 in Axes
  3399 | D:5      | Found an ornate altar of the Wu Jian Council.
  3680 | D:5      | Reached skill level 9 in Axes
  4133 | D:6      | Reached XP level 8. HP: 63/73 MP: 7/7
  4202 | D:6      | Noticed Grinder
  4210 | D:6      | Paralysed by Grinder for 5 turns
  4228 | D:6      | Killed Grinder
  4228 | D:6      | Reached skill level 10 in Axes
  4909 | D:6      | Reached **** piety under Trog
  4989 | D:7      | Mangled by an orc warrior

Levels and vault maps discovered:
D:1:      mushboom_english_gardens, layout_basic
D:2:      layout_rooms, nemelex_lonely_heart_becter
D:3:      layout_basic, tso_altar, chequers_serial_rivers_room_b,
          grunt_ministairs_15, minmay_cut_off
D:4:      layout_gridville, grunt_temple_overflow_open, first_ration
D:5:      layout_basic, lemuel_crystal_altar
D:6:      layout_cave_pools, uniq_grinder
D:7:      layout_rooms, minmay_temple_entry_ruins, minmay_misc_feat_tiny

Skill      XL: |  1  2  3  4  5  6  7  8 |
---------------+-------------------------+-----
Fighting       | 4 5 6 7 8 |  8.3
Axes           | 4 5 6 7 9 10 | 10.8
Stealth        | 1 |  1.0
Armour         | |  2.4
Dodging        | |  2.1

Action                   |  1- 3 |  4- 6 |  7- 9 || total
-------------------------+-------+-------+-------++-------
Melee: Hand axe          |    67 |    71 |       ||   138
       Headbutt          |    12 |    33 |    19 ||    64
       War axe           |       |    57 |   123 ||   180
Invok: Berserk           |       |     1 |     2 ||     3
       Trog's Hand       |       |       |     1 ||     1
  Use: Scroll            |       |     5 |     6 ||    11
       Potion            |       |       |     1 ||     1
  Eat: Chunk             |     1 |     6 |     8 ||    15
Armor: Leather armour    |    20 |    10 |       ||    30
       Scale mail        |       |    34 |    13 ||    47
       Chain mail        |       |       |    51 ||    51
Dodge: Dodged            |    45 |    59 |    45 ||   149
